 Dungeon Crawl Stone Soup version 0.28.0-62-gf88900778d (webtiles) character file.

Game seed: 3305335015922463465

302976 cbfl8 the Hoplite (level 20, -16/184 HPs)
             Began as a Minotaur Abyssal Knight on June 27, 2023.
             Was the Champion of Lugonu.
             Demolished by a juggernaut skeleton (39 damage)
             ... on level 2 of the Depths on June 28, 2023.
             The game lasted 01:47:13 (78686 turns).

cbfl8 the Hoplite (Minotaur Abyssal Knight)        Turns: 78686, Time: 01:47:14

Health: -16/184    AC: 34    Str: 21    XL:     20   Next: 22%
Magic:  25/25      EV:  7    Int: 10    God:    Lugonu [******]
Gold:   4705       SH: 22    Dex: 17    Spells: 19/19 levels left

rFire   + . .      SeeInvis .   U - +0 broad axe (venom)
rCold   + + .      Faith    .   y - +1 kite shield {rPois}
rNeg    + + +      Spirit   .   T - +6 gold dragon scales
rPois   +          Reflect  +   (helmet unavailable)
rElec   +          Harm     .   B - scarf {repulsion}
rCorr   +          Rampage  +   F - +0 pair of gloves of Grace {rN+ Int+3}
Will    +....                   V - +0 pair of boots {rampage}
Stlth   ..........              k - amulet of reflection
HPRegen 0.40/turn               J - ring of flight
MPRegen 0.19/turn               L - ring "Qitewow" {rElec rC+ rN++ rCorr}

@: about to teleport, flying, studying Stealth, repel missiles
A: horns 3, retaliatory headbutt, hooves 1, iridescent scales 1, passive freeze
}: 2/15 runes: decaying, gossamer
a: Renounce Religion, Depart the Abyss, Bend Space, Banish, Corrupt, Enter the
Abyss, Brand Weapon With Distortion


You were on level 2 of the Depths.
You worshipped Lugonu.
Lugonu was exalted by your worship.
You visited 7 branches of the dungeon, and saw 36 of its levels.
You visited the Abyss 4 times.
You also visited: Ossuary and Ice Cave.

You collected 5288 gold pieces.
You spent 583 gold pieces at shops.

Inventory:

Hand Weapons
 c - a +2 antimagic hand axe
 U - a +0 broad axe of venom (weapon)
Missiles
 z - a throwing net
Armour
 y - a +1 kite shield of poison resistance (worn)
 B - a scarf of repulsion (worn)
 F - the +0 pair of gloves of Grace (worn) {rN+ Int+3}
   (You found it on level 1 of the Depths)

   Int:       It affects your intelligence (+3).
   rN:        It protects you from negative energy.
 G - the +4 skin of Zhor {*Englaciate rC+++ SInv}
   (You took it off an orc wizard on level 11 of the Dungeon)

   It radiates cold, occasionally slowing all nearby creatures who are not
   resistant to cold.
   rC:        It renders you almost immune to cold.
   SInv:      It lets you see invisible.
 T - +6 gold dragon scales (worn)
 V - a +0 pair of boots of rampaging (worn)
Jewellery
 e - a ring of poison resistance
 k - an amulet of reflection (around neck)
 J - a ring of flight (left hand)
 L - the ring "Qitewow" (right hand) {rElec rC+ rN++ rCorr}
   (You acquired it on level 2 of the Lair of Beasts)

   [ring of resist corrosion]

   rC:        It protects you from cold.
   rElec:     It insulates you from electricity.
   rN:        It greatly protects you from negative energy.
   rCorr:     It protects you from acid and corrosion.
Wands
 f - a wand of flame (35)
 l - a wand of polymorph (14)
 r - a wand of acid (2) (quivered)
 C - a wand of digging (11)
 K - a wand of iceblast (19)
 S - a wand of charming (4)
 Y - a wand of mindburst (13)
Scrolls
 a - 2 scrolls of blinking
 b - 3 scrolls of teleportation
 g - 6 scrolls of noise
 n - a scroll of magic mapping
 p - 7 scrolls of fear
 u - 3 scrolls of silence
 w - 7 scrolls of fog
 P - 3 scrolls of holy word
 Q - a scroll of summoning
Potions
 i - 3 potions of might
 j - 19 potions of ambrosia
 m - 6 potions of lignification
 o - a potion of flight
 q - a potion of resistance
 s - 2 potions of invisibility
 t - 4 potions of haste
 v - 7 potions of mutation
 x - 4 potions of attraction
 A - a potion of cancellation
 D - 8 potions of curing
 E - 3 potions of heal wounds
Miscellaneous
 d - a lightning rod (4/4)
 N - a piece from Xom's chessboard (15/15)
 W - a phantom mirror
 X - a box of beasts
 Z - a tin of tremorstones (2/2)


   Skills:
 + Level 17.4 Fighting
 + Level 19.8 Axes
 + Level 19.4 Armour
 + Level 4.9 Dodging
 * Level 11.3 Stealth
 + Level 21.1 Shields
 * Level 9.0 Invocations
 + Level 13.6 Evocations


You had 19 spell levels left.
You didn't know any spells.
Your spell library contained the following spells:

 Spells                   Type           Power      Damage    Failure   Level
 Animate Skeleton         Necr           0%         N/A       100%        1
 Beastly Appendage        Tmut           0%         N/A       100%        1
 Magic Dart               Conj           0%         1d3       100%        1
 Pain                     Necr           0%         1d4       100%        1
 Slow                     Hex            0%         N/A       100%        1
 Call Imp                 Summ           0%         N/A       100%        2
 Passwall                 Tmut/Erth      0%         N/A       100%        2
 Scorch                   Fire           0%         2d5       100%        2
 Wereblood                Tmut           0%         N/A       100%        2
 Confusing Touch          Hex            0%         N/A       100%        3
 Dazzling Flash           Conj/Hex       0%         N/A       100%        3
 Gell's Gravitas          Tloc           0%         N/A       100%        3
 Ignite Poison            Fire/Tmut/Pois 0%         N/A       100%        3
 Inner Flame              Hex/Fire       0%         N/A       100%        3
 Lesser Beckoning         Tloc           0%         N/A       100%        3
 Mephitic Cloud           Conj/Pois/Air  0%         N/A       100%        3
 Spider Form              Tmut/Pois      0%         N/A       100%        3
 Summon Guardian Golem    Hex/Summ       0%         N/A       100%        3
 Teleport Other           Tloc           0%         N/A       100%        3
 Vampiric Draining        Necr           0%         2d6       100%        3
 Animate Dead             Necr           0%         N/A       100%        4
 Cause Fear               Hex            0%         N/A       100%        4
 Flame Wave               Conj/Fire      0%         2d4       100%        4
 Fulminant Prism          Conj/Hex       0%         3d6       100%        4
 Iskenderun's Mystic Bla  Conj/Tloc      0%         2d3       100%        4
 Leda's Liquefaction      Hex/Erth       0%         N/A       100%        4
 Summon Ice Beast         Ice/Summ       0%         N/A       100%        4
 Summon Lightning Spire   Summ/Air       0%         N/A       100%        4
 Fireball                 Conj/Fire      0%         3d3       100%        5
 Freezing Cloud           Conj/Ice/Air   0%         6-21      100%        5
 Iskenderun's Battlesphe  Conj           0%         2d6       100%        5
 Lee's Rapid Deconstruct  Erth           0%         3d5*      100%        5
 Yara's Violent Unravell  Hex/Tmut       0%         3d3       100%        5
 Conjure Ball Lightning   Conj/Air       0%         3x3d6     100%        6
 Iron Shot                Conj/Erth      0%         9d1       100%        6
 Simulacrum               Ice/Necr       0%         N/A       100%        6
 Starburst                Conj/Fire      0%         6d3       100%        6
 Statue Form              Tmut/Erth      0%         N/A       100%        6
 Summon Cactus Giant      Summ           0%         N/A       100%        6
 Dragon Form              Tmut           0%         N/A       100%        7
 Enfeeble                 Hex            0%         N/A       100%        7
 Haunt                    Necr/Summ      0%         N/A       100%        7
 Orb of Destruction       Conj           0%         9d5       100%        7
 Storm Form               Tmut/Air       0%         N/A       100%        7
 Discord                  Hex            0%         N/A       100%        8
 Infestation              Necr           0%         N/A       100%        8
 Maxwell's Capacitive Co  Air            0%         ∞         100%        8
 Dragon's Call            Summ           0%         N/A       100%        9
 Polar Vortex             Ice            0%         N/A       100%        9


Dungeon Overview and Level Annotations

Branches:
Dungeon (15/15)            Temple (0/1) D:7            Lair (6/6) D:9
  Swamp (4/4) Lair:2       Spider (4/4) Lair:2        Slime (0/5) Lair:6
    Orc (2/2) D:10            Elf (3/3) Orc:2        Depths (2/4) D:15
Ossuary (visited)           IceCv (visited)
 Vaults: D:13-14

Altars:
Ashenzari
Cheibriados
Sif Muna
Uskayaw
Vehumet
Jiyva

Shops:
D:10 (   Orc:2 !!:(   Elf:1 !==   Elf:2 *(   Elf:3 [   Depths:1 [

Portals:
Hell: Depths:1 Depths:2
Abyss: Depths:2
Pandemonium: Depths:1 Depths:2
Trove: Elf:3 (give 8 scrolls of blinking)

Annotations:
D:7 exclusion: oklob sapling
Lair:6 1 runed translucent door


Innate Abilities, Weirdness & Mutations

You have a pair of large horns on your head.
You reflexively headbutt those who attack you in melee.
You have large cloven feet.
You are partially covered in iridescent scales. (AC +2)
A frigid envelope surrounds you and freezes all who hurt you.


Message History

As you read the scroll of fear, it crumbles to dust.
You assume a fearsome visage.
The spark wasp looks frightened! x2
A cyan ugly thing comes into view.
Your surroundings suddenly seem different.
The cyan ugly thing moves out of view.
You start resting.
A cyan ugly thing is nearby!
A cyan ugly thing is nearby!
As you read the scroll of fear, it crumbles to dust.
You assume a fearsome visage.
The cyan ugly thing resists with some effort.
The cyan ugly thing gurgles horribly!
A cyan ugly thing is nearby!
A cyan ugly thing is nearby!
A cyan very ugly thing comes into view. x2
As you read the scroll of teleportation, it crumbles to dust.
You feel strangely unstable.
The cyan very ugly thing gurgles horribly!
You block the cyan ugly thing's attack. You block the cyan ugly thing's attack.
The cyan very ugly thing basks in the mutagenic energy from its kin and changes!
Your surroundings suddenly seem different. 4 ancient champions, a quicksilver dragon skeleton, a lich and a spriggan defender skeleton come into view.
An ancient champion is wielding a +3 vorpal great sword and wearing a +1 chain mail of willpower.
An ancient champion is wielding a +2 vorpal battleaxe.
An ancient champion is wielding a +0 battleaxe of freezing.
Found four items.
Found a stone staircase leading down.
The lich shouts!
You hear a shout!
A dread lich comes into view.
Blink to where?
Press: ? - help, Dir - move target A juggernaut skeleton comes into view.
Found 91 gold pieces and the Grimoire of the Manifold Mystics.
As you read the scroll of blinking, it crumbles to dust.
The ancient champion mumbles some strange words.
The ancient champion seems to speed up.
The ancient champion gestures at you while chanting.
The iron shot reflects off an invisible shield around you!
The iron shot hits the ancient champion!!!
As you read the scroll of teleportation, it crumbles to dust.
You feel strangely unstable. The juggernaut skeleton hits you!!!
You die...

#########
#.......################
#.......'.....##.......#
'.......#####...<......#
#.......# ############
### #.......# #@$$# $$
#..?.>..# #Z$$# $$
#.......# #:$$# #$
####.#### ####.###. #.##
#z..# #..# #.zz# #####.#
#.z.# ......# #Z###L#
#..(..### $)


$L You could see a lich, 4 ancient champions and a juggernaut skeleton.

Vanquished Creatures
  Bai Suzhen (Elf:3)
  Saint Roka (Elf:3)
  the Lernaean hydra (Swamp:4)
  An Ice Fiend (IceCv)
  A tentacled monstrosity (Swamp:4)
  A deep elf blademaster (Elf:2)
  A deep elf master archer (Elf:3)
  3 thorn hunters
  Donald (Swamp:4)
  A storm dragon (D:14)
  2 fire giants
  4 fenstrider witches
  Roxanne (Elf:3)
  9 emperor scorpions
  2 frost giants (Depths:2)
  6 deep elf sorcerers (Elf:3)
  An iron dragon (Depths:2)
  A balrug (Abyss:3)
  2 broodmothers
  6 deep elf elementalists
  5 ghost moths
  10 very ugly things
  3 stone giants
  2 vampire knights (Depths:2)
  6 deep elf demonologists
  2 eleionomae
  5 spark wasps
  5 entropy weavers
  7 deep elf annihilators (Elf:3)
  7 bunyips
  5 deep elf death magi (Elf:3)
  2 ettins (Depths:2)
  2 fire dragons (Depths:1)
  3 deep elf high priests (Elf:3)
  A shambling mangrove (Swamp:4)
  A great orb of eyes (Depths:1)
  An ice dragon (Depths:1)
  3 jorogumos
  15 hydras
  2 radroaches
  3 spriggan air magi (Depths:1)
  3 ghost crabs
  5 boulder beetles
  7 centaur warriors
  A catoblepas (Lair:6)
  A death knight (D:15)
  22 dancing weapons
  3 two-headed ogres
  8 alligators
  5 deep troll shamans
  5 death yaks (Lair:6)
  7 tengu warriors
  2 thrashing horrors (Abyss:3)
  A vampire mage (Depths:1)
  5 deep troll earth magi
  Urug (Lair:4)
  5 hell knights (Depths:1)
  14 deep elf knights
  A soul eater (Depths:2)
  3 spriggan berserkers
  An iron troll (Depths:2)
  A sun demon (Abyss:3)
  A wretched star (Abyss:2)
  Nergalle (Lair:2)
  6 spriggans
  5 steelbarb worms
  3 pharaoh ants
  13 skeletal warriors
  3 sun moths
  11 orb spiders
  A glowing orange brain (Depths:1)
  8 bog bodies
  4 deep trolls
  A flayed ghost (D:14)
  12 swamp dragons
  A shadow demon (Depths:2)
  19 deep elf archers
  3 spriggan druids
  A spriggan simulacrum (IceCv)
  An obsidian statue (IceCv)
  2 necromancers (D:15)
  A lindwurm (Lair:6)
  4 orc knights
  27 deep elf zephyrmancers
  18 wolf spiders
  A salamander (shapeshifter) (Elf:2)
  29 ugly things
  27 deep elf pyromancers
  3 will-o-the-wisps
  5 oklob plants
  5 cyclopes
  4 elephants (Lair:6)
  A moth of wrath (Spider:3)
  5 manticores
  4 black mambas
  Joseph (D:7)
  A rust devil (Depths:2)
  An orange demon (Depths:2)
  Maggie (D:7)
  An unseen horror (D:11)
  4 torpor snails
  9 cane toads
  2 gargoyles
  5 rime drakes
  11 komodo dragons
  2 kobold demonologists (D:13)
  4 demonic crawlers
  11 freezing wraiths
  An anaconda simulacrum (IceCv)
  3 entropy weaver simulacra (IceCv)
  A hellwing (Depths:2)
  2 polar bears (Lair:6)
  A tengu conjurer (D:14)
  3 ice devils (IceCv)
  A merfolk (D:11)
  3 meliai (Spider:4)
  A queen bee (Lair:3)
  8 trolls
  9 tyrant leeches
  18 hornets
  26 tarantellas
  7 slime creatures (D:15)
  18 blink frogs
  Prince Ribbit (D:7)
  2 air elementals (Elf:1)
  A jumping spider (shapeshifter) (Elf:1)
  29 jumping spiders
  20 culicivoras
  2 dire elephant simulacra (IceCv)
  2 shadows
  9 wyverns
  A vampire (D:12)
  2 wraiths
  6 water elementals
  2 fire elementals
  5 hogs (D:11)
  Eustachio (D:5)
  43 yaks
  3 steam dragons
  4 basilisks
  18 vampire mosquitoes
  Menkaure (D:7)
  2 minotaur simulacra (IceCv)
  Edmund (D:4)
  A neqoxec (Depths:2)
  95 redbacks
  A harpy simulacrum (IceCv)
  14 swamp worms
  3 acid dragons
  4 wargs
  Duvessa (D:4)
  9 water moccasins
  13 black bears
  43 orc warriors
  An ice beast (D:6)
  7 swamp drakes
  An ettin simulacrum (IceCv)
  17 wolves
  12 ogres
  21 centaurs
  2 necrophages
  A kobold brigand (D:13)
  A phantom (D:4)
  18 bullfrogs
  2 gnoll sergeants
  6 scorpions
  2 earth elementals
  4 deep troll simulacra (IceCv)
  A water moccasin zombie (D:5)
  2 water moccasin skeletons
  Dowan (D:4)
  31 killer bees
  3 lindwurm simulacra (IceCv)
  18 electric eels
  A howler monkey (D:9)
  3 bullfrog zombies
  5 centaur zombies
  15 orc priests
  5 jellies
  2 gnoll shamans
  Crazy Yiuf (D:6)
  A centaur skeleton (D:6)
  A bullfrog skeleton (D:5)
  6 hounds
  13 orc wizards
  An iguana (D:7)
  6 hell rats
  A killer bee zombie (D:7)
  A hound skeleton (D:4)
  A howler monkey zombie (D:6)
  9 mummies
  A howler monkey skeleton (D:4)
  9 adders
  11 gnolls
  2 river rats (Lair:3)
  2 shadow imps
  A white imp (D:6)
  An adder skeleton (D:3)
  7 worms
  6 dart slugs
  75 orcs
  6 ball pythons
  2 bats
  8 endoplasms
  8 giant cockroaches
  2 gnoll zombies (Ossuary)
  9 goblins
  11 hobgoblins
  5 quokkas
  2 frilled lizards (D:3)
  A hobgoblin zombie (Ossuary)
  16 kobolds
  2 kobold zombies (Ossuary)
  5 orc zombies
  6 rats
1382 creatures vanquished.

Vanquished Creatures (others)
  A fire giant (Depths:2)
  A deep elf demonologist (Elf:3)
  A hydra (Swamp:4)
  2 deep elf knights
  A death drake (Swamp:4)
  A swamp dragon (Swamp:4)
  A deep elf pyromancer (Elf:1)
  3 bloated husks
  A centaur (D:15)
  A killer bee (Lair:3)
  An orc (D:7)
  14 foxfires
  32 fungi
  114 plants
  6 toadstools (Swamp:2)
180 creatures vanquished.

Grand Total: 1562 creatures vanquished

Notes
Turn   | Place    | Note
-------+----------+-------------------------------------------
     0 | Abyss:1  | cbfl8 the Minotaur Abyssal Knight began the quest for the
                  | Orb.
     0 | Abyss:1  | Reached XP level 1. HP: 19/19 MP: 1/1
    33 | Abyss:1  | Noticed an iron imp
    34 | D:1      | Escaped the Abyss
   250 | D:1      | Reached XP level 2. HP: 23/27 MP: 2/2
   337 | D:1      | Reached * piety under Lugonu
   339 | D:1      | Reached skill level 1 in Evocations
   586 | D:1      | Reached XP level 3. HP: 30/34 MP: 3/3
   956 | D:2      | Reached XP level 4. HP: 26/41 MP: 4/4
  1197 | D:2      | Reached ** piety under Lugonu
  1854 | D:3      | Found a hide-covered altar of Uskayaw.
  1880 | D:3      | Reached XP level 5. HP: 4/47 MP: 5/5
  2613 | D:3      | Found a faded altar of an unknown god.
  2894 | D:4      | Noticed a black bear
  2898 | D:4      | Reached skill level 5 in Fighting
  2905 | D:4      | Killed a black bear
  2906 | D:4      | Reached skill level 5 in Axes
  2906 | D:4      | Reached XP level 6. HP: 56/56 MP: 6/6
  2909 | D:4      | Reached *** piety under Lugonu
  3066 | D:4      | Found a sand-covered staircase.
  3076 | Ossuary  | Entered an ossuary
  3139 | Ossuary  | Reached XP level 7. HP: 26/61 MP: 2/7
  3897 | D:4      | Reached skill level 1 in Shields
  4054 | D:4      | Noticed Duvessa
  4055 | D:4      | Reached **** piety under Lugonu
  4061 | D:4      | Noticed Dowan
  4070 | D:4      | Killed Duvessa
  4081 | D:4      | Killed Dowan
  4672 | D:4      | Identified the +11 dagger of Mandamus {drain, Str+3 Dex+2
                  | Stlth+}
  4676 | D:4      | Reached XP level 8. HP: 70/70 MP: 2/8
  4721 | D:5      | Entered Level 5 of the Dungeon
  4721 | D:5      | Noticed Eustachio
  4723 | D:5      | Noticed Edmund
  5101 | D:4      | Killed Edmund
  5102 | D:4      | Reached skill level 5 in Armour
  5528 | D:4      | Reached skill level 2 in Shields
  5801 | D:5      | Killed Eustachio
  5860 | D:5      | Reached XP level 9. HP: 13/78 MP: 3/9
  6283 | D:5      | Reached skill level 3 in Shields
  6623 | D:5      | Reached skill level 5 in Evocations
  6633 | D:5      | HP: 3/78 [poisoned by a scorpion]
  7404 | D:6      | Found a runed translucent door.
  7405 | D:6      | Noticed Crazy Yiuf
  7764 | D:6      | Killed Crazy Yiuf
  7837 | D:7      | Noticed Maggie
  7840 | D:7      | Noticed Joseph
  8031 | D:7      | Noticed a gargoyle
  8031 | D:7      | Found a staircase to the Ecumenical Temple.
  8141 | D:7      | Identified the +1 robe of Vuop {rPois Stlth+}
  8159 | D:7      | Killed Maggie
  8348 | D:7      | Noticed Menkaure
  8360 | D:7      | Killed Menkaure
  8369 | D:7      | Killed a gargoyle
  8370 | D:7      | Reached skill level 10 in Axes
  8370 | D:7      | Reached skill level 4 in Shields
  9307 | D:7      | Noticed Prince Ribbit
  9312 | D:7      | Killed Joseph
  9313 | D:7      | Reached XP level 10. HP: 23/86 MP: 3/10
  9318 | D:7      | Reached skill level 5 in Shields
  9775 | D:7      | Killed Prince Ribbit
 10086 | D:7      | Noticed a cyclops
 10092 | D:7      | Killed a cyclops
 10771 | D:8      | Gained mutation: You are clumsy. (Dex -2) [potion of
                  | mutation]
 10771 | D:8      | Gained mutation: Your mind is acute. (Int +2) [potion of
                  | mutation]
 10771 | D:8      | Lost mutation: You are clumsy. (Dex -2) [potion of
                  | mutation]
 10772 | D:8      | Lost mutation: Your mind is acute. (Int +2) [potion of
                  | mutation]
 10772 | D:8      | Gained mutation: You have a pair of large horns on your
                  | head. [potion of mutation]
 10772 | D:8      | Gained mutation: You have large cloven feet. [potion of
                  | mutation]
 10772 | D:8      | Gained mutation: A frigid envelope surrounds you and
                  | freezes all who hurt you. [potion of mutation]
 10772 | D:8      | Gained mutation: You are partially covered in iridescent
                  | scales. (AC +2) [potion of mutation]
 10997 | D:8      | Reached ***** piety under Lugonu
 11003 | D:8      | Reached skill level 6 in Shields
 11414 | D:9      | Found a staircase to the Lair.
 11843 | D:9      | Found a viscous altar of Jiyva.
 12661 | D:9      | Reached skill level 1 in Stealth
 12954 | D:10     | Entered Level 10 of the Dungeon
 12990 | D:10     | Found a staircase to the Orcish Mines.
 13004 | D:10     | Found Vobuxt's Weapon Boutique.
 13052 | D:9      | Reached XP level 11. HP: 81/94 MP: 3/11
 13503 | D:10     | Noticed a two-headed ogre
 13510 | D:10     | Killed a two-headed ogre
 13511 | D:10     | Reached skill level 10 in Armour
 13511 | D:10     | Reached skill level 7 in Shields
 14140 | D:10     | Paralysed by a hornet for 3 turns
 14152 | D:10     | Paralysed by a hornet for 2 turns
 14156 | D:10     | HP: 4/94 [poisoned by a hornet]
 14775 | D:10     | Paralysed by a hornet for 1 turns
 15379 | D:10     | Paralysed by a hornet for 1 turns
 16380 | D:11     | Reached skill level 8 in Shields
 16470 | D:11     | Found a broken altar of Ashenzari.
 16817 | D:11     | Noticed a boulder beetle
 16860 | D:11     | Killed a boulder beetle
 17301 | D:11     | Noticed a two-headed ogre
 17330 | D:11     | Reached XP level 12. HP: 93/103 MP: 4/12
 18394 | D:11     | Reached skill level 9 in Shields
 18449 | D:11     | Killed a two-headed ogre
 19349 | D:12     | Noticed a boulder beetle
 19383 | D:12     | Killed a boulder beetle
 19717 | D:13     | Noticed a centaur warrior
 19846 | D:13     | Killed a centaur warrior
 20059 | D:13     | Noticed a centaur warrior
 20065 | D:13     | Killed a centaur warrior
 20066 | D:13     | Reached skill level 10 in Shields
 20358 | D:13     | Noticed an ice dragon
 20363 | D:13     | Noticed a centaur warrior
 20367 | D:14     | Found a runed translucent door.
 20691 | D:14     | Noticed an eight-headed hydra
 20699 | D:14     | Killed an 11-headed hydra
 20802 | D:14     | Noticed a death knight
 21579 | D:14     | Reached XP level 13. HP: 101/111 MP: 4/13
 22662 | D:15     | Entered Level 15 of the Dungeon
 23106 | D:15     | Reached skill level 11 in Shields
 23883 | D:14     | Reached skill level 10 in Fighting
 24858 | D:14     | Reached skill level 10 in Evocations
 24895 | D:14     | Reached skill level 12 in Shields
 25644 | D:14     | Noticed a storm dragon
 25644 | D:14     | Noticed a fire giant
 25744 | D:14     | Killed a storm dragon
 25760 | D:14     | Killed a fire giant
 27234 | D:15     | Reached XP level 14. HP: 122/122 MP: 4/14
 27545 | D:15     | Reached skill level 13 in Shields
 27589 | D:15     | Reached ****** piety under Lugonu
 28294 | D:15     | Noticed a stone giant
 28307 | D:15     | Killed a stone giant
 28498 | D:15     | Found a staircase to the Depths.
 29791 | Lair:1   | Entered Level 1 of the Lair of Beasts
 30959 | Lair:2   | Found a hole to the Spider Nest.
 30974 | Lair:2   | Noticed Nergalle
 30998 | Lair:2   | Killed Nergalle
 31103 | Lair:2   | Identified a scroll of acquirement
 31105 | Lair:2   | Acquired the ring "Qitewow" {rElec rC+ rN++ rCorr}
 31402 | Lair:2   | Found a staircase to the Swamp.
 31408 | Lair:2   | Reached skill level 14 in Shields
 31856 | Lair:3   | Reached skill level 15 in Axes
 34027 | Lair:4   | Noticed Urug
 34042 | Lair:4   | Killed Urug
 34810 | Lair:5   | Reached XP level 15. HP: 110/132 MP: 15/15
 34950 | Lair:5   | Reached skill level 15 in Armour
 35665 | Lair:6   | Entered Level 6 of the Lair of Beasts
 35878 | Lair:6   | Reached skill level 15 in Shields
 36303 | Lair:6   | Found a runed translucent door.
 36304 | Lair:6   | Found a viscous altar of Jiyva.
 36304 | Lair:6   | Noticed an acid blob
 36306 | Lair:6   | Found a staircase to the Slime Pits.
 36306 | Lair:6   | Noticed an acid blob
 36396 | Lair:6   | Found the +9 staff of Wucad Mu {*channel}
 36552 | Lair:6   | Found a shimmering blue altar of Sif Muna.
 37629 | Orc:1    | Entered Level 1 of the Orcish Mines
 37793 | Orc:2    | Entered Level 2 of the Orcish Mines
 37954 | Orc:2    | Found a staircase to the Elven Halls.
 38898 | Orc:2    | Found a radiant altar of Vehumet.
 39495 | Orc:2    | Found Moceryu's Distillery.
 39495 | Orc:2    | Found Qerug's Book Shoppe.
 39497 | Orc:2    | Found Nimon's Weapon Emporium.
 39499 | Orc:2    | Found Tyedyir's Distillery.
 39503 | Orc:2    | Bought a potion of might for 64 gold pieces
 39503 | Orc:2    | Bought a potion of might for 64 gold pieces
 39511 | Orc:2    | Bought a potion of might for 60 gold pieces
 39515 | Orc:2    | Bought 2 potions of resistance for 320 gold pieces
 39517 | Orc:2    | Bought a potion of heal wounds for 75 gold pieces
 40071 | Swamp:1  | Entered Level 1 of the Swamp
 40510 | Swamp:1  | Noticed a fenstrider witch
 40519 | Swamp:1  | Killed a fenstrider witch
 40540 | Swamp:1  | Acquired 758 gold pieces
 40543 | Swamp:1  | Acquired a manual of Stealth
 40609 | Swamp:1  | Noticed a thorn hunter
 41272 | Swamp:1  | Killed a thorn hunter
 41408 | Swamp:1  | Reached skill level 16 in Shields
 41447 | Swamp:1  | Noticed a fenstrider witch
 41455 | Swamp:1  | Paralysed by a fenstrider witch for 3 turns
 41457 | Swamp:1  | Killed a fenstrider witch
 42202 | Swamp:2  | Noticed a thorn hunter
 42942 | Swamp:1  | Killed a thorn hunter
 43186 | Swamp:2  | Reached XP level 16. HP: 111/144 MP: 16/16
 45731 | Spider:1 | Entered Level 1 of the Spider Nest
 48778 | Spider:2 | Reached skill level 17 in Shields
 52216 | Spider:3 | Reached XP level 17. HP: 151/154 MP: 17/17
 52251 | Spider:4 | Entered Level 4 of the Spider Nest
 52620 | Spider:4 | Found a frozen archway.
 52658 | IceCv    | Entered an ice cave
 53302 | IceCv    | Reached skill level 18 in Shields
 54029 | IceCv    | Noticed an Ice Fiend
 54031 | IceCv    | Found the +4 robe of Folly {Brilliance Will-∞ Int+8}
 54285 | IceCv    | Killed an Ice Fiend
 55147 | Spider:4 | Reached skill level 15 in Fighting
 57184 | Spider:4 | Paralysed by a hornet for 3 turns
 57605 | Spider:4 | Got a gossamer rune of Zot
 57704 | Spider:4 | Reached skill level 5 in Stealth
 57885 | Swamp:4  | Entered Level 4 of the Swamp
 58794 | Swamp:4  | Noticed Donald
 59197 | Swamp:4  | Killed Donald
 59352 | Swamp:4  | Reached XP level 18. HP: 141/163 MP: 20/20
 59642 | Swamp:4  | Noticed a tentacled monstrosity
 59654 | Swamp:4  | Killed a tentacled monstrosity
 61280 | Swamp:4  | Noticed the 27-headed Lernaean hydra
 61284 | Swamp:4  | Killed the 26-headed Lernaean hydra
 61285 | Swamp:4  | Reached skill level 19 in Shields
 61285 | Swamp:4  | Reached skill level 5 in Invocations
 62161 | Swamp:4  | Got a decaying rune of Zot
 62653 | Elf:1    | Entered Level 1 of the Elven Halls
 62926 | Elf:1    | Paralysed by an air elemental for 1 turns
 62930 | Elf:1    | Paralysed by an air elemental for 1 turns
 63243 | Elf:1    | Found Kobyufic's Jewellery Boutique.
 63365 | Elf:1    | Found Geazitoho's Jewellery Emporium.
 63373 | Elf:1    | Found Otaggudu's Distillery.
 63481 | Elf:1    | Noticed a Hell Sentinel
 63483 | Elf:1    | Noticed a Hell Sentinel
 66507 | Elf:2    | Found Wilad's Neck Hole.
 67025 | Elf:2    | Found Seraos's Antique Weapon Boutique.
 67445 | Elf:2    | Found a runed translucent gate.
 67447 | Elf:2    | Found a runed translucent gate.
 67447 | Elf:2    | Found a runed translucent gate.
 68238 | Elf:2    | Reached XP level 19. HP: 154/172 MP: 23/23
 68488 | Elf:2    | Reached skill level 20 in Shields
 68760 | Elf:3    | Entered Level 3 of the Elven Halls
 68876 | Elf:3    | Noticed Saint Roka
 69186 | Elf:3    | Killed Saint Roka
 69534 | Elf:3    | Noticed Bai Suzhen
 69565 | Elf:3    | Killed Bai Suzhen
 70154 | Elf:3    | Found Akhlum's Armour Shoppe.
 70161 | Elf:3    | Identified Roxanne's Compendium of the Rocks
 70161 | Elf:3    | Noticed Roxanne
 70181 | Elf:3    | Killed Roxanne
 70830 | Elf:3    | Found a portal to a secret trove of treasure.
 71197 | Elf:3    | Cast into level 2 of the Abyss (a deep elf demonologist)
 71198 | Elf:3    | Escaped the Abyss
 71906 | Elf:3    | Cast into level 3 of the Abyss (a deep elf sorcerer)
 71957 | Abyss:3  | Noticed a bone dragon
 71970 | Elf:3    | Escaped the Abyss
 71983 | Elf:3    | Noticed a Brimstone Fiend
 71994 | Elf:3    | Identified the +6 shortbow of Glory {flame, rC+ SInv}
 72447 | Elf:3    | Noticed a Brimstone Fiend
 72722 | Elf:3    | Identified the +8 short sword "Ogrebane" {protect, Str+9}
 72727 | Elf:3    | Identified the +0 scale mail of Inaction {Str+3 Slay+5}
 72741 | Elf:3    | Identified the +1 flail of Diar {freeze, rElec rF+ rCorr
                  | Str+4}
 72751 | Elf:3    | Identified the +8 dagger "Soteu" {drain, Dex+3}
 72844 | Elf:2    | Reached skill level 10 in Stealth
 73251 | Elf:3    | Cast into level 2 of the Abyss (a deep elf demonologist)
 73293 | Elf:3    | Escaped the Abyss
 73710 | Elf:3    | Identified the +0 scale mail of a Gauntlet {Slay+2}
 73715 | Elf:3    | Got the Volume of Summoning
 73717 | Elf:3    | Got the Incunabulum of Ashen Transmigration
 73773 | Elf:3    | Identified the +2 long sword of Doom {flame, Int+3}
 74124 | Depths:1 | Entered Level 1 of the Depths
 74811 | Depths:1 | You are sucked into a shaft and drop 1 floor!
 75130 | Depths:2 | Found a one-way gate to the infinite horrors of the Abyss.
 76072 | Depths:1 | Found Otsod's Armour Shoppe.
 76099 | Depths:1 | Identified the +0 pair of gloves of Grace {rN+ Int+3}
 76955 | Depths:1 | Reached XP level 20. HP: 136/184 MP: 25/25
 77082 | Depths:1 | Found a snail-covered altar of Cheibriados.
 77316 | Depths:1 | Found a gateway to Hell.
 77860 | Depths:1 | Found a one-way gate leading to the halls of Pandemonium.
 78185 | Depths:2 | Reached skill level 21 in Shields
 78684 | Depths:2 | Noticed a dread lich
 78686 | Depths:2 | Demolished by a juggernaut skeleton

Illustrated notes

Levels and vault maps discovered:
D:1:      minmay_arrival_cross, layout_basic, st_stairs_10
D:2:      layout_basic
D:3:      minmay_wonky_spiral, layout_rooms, amcnicky_altar_gilded,
          shapermc_ecumenical_altar_mp_ritualfount
D:4:      kb_forest_paths, layout_cave_pools, nicolae_ossuary_entry_giza,
          minmay_bent, uniq_duvessa
D:5:      layout_rooms, uniq_eustachio, uniq_edmund
D:6:      layout_loops_ring, minmay_misc_feat_plants, bh_walls_and_bars,
          uniq_crazy_yiuf_cottage
D:7:      minmay_blocky_corners, layout_rooms, minmay_temple_entry_oklob,
          kennysheep_generic_room_16, uniq_prince_ribbit1, uniq_maggie,
          uniq_joseph, uniq_menkaure
D:8:      layout_basic
D:9:      layout_loops_ring, erik_lair_island, jiyva_altar_1
D:10:     layout_irregular_city, orc_david_3, hive_lemuel
D:11:     kennysheep_town
D:12:     layout_long_grid
D:13:     layout_long_grid, david_vaults_5
D:14:     layout_basic, grunt_decor_mini_mirrors, kennysheep_treasure_room
D:15:     hangedman_depths_entry_civil_slaughter, layout_long_grid,
          nrook_pool_corridor
Lair:1:   layout_cave_pods
Lair:2:   layout_gridlike, minmay_swamp_entry_swarm,
          nicolae_spider_entry_non_spiders, uniq_nergalle
Lair:3:   hangedman_what_comes_after_a, layout_small_grid, beast_lair_carwin_1
Lair:4:   layout_gridlike, uniq_urug
Lair:5:   layout_misc_corridors
Lair:6:   grunt_lair_end_beastmaster, layout_small_grid, slime_altar_2,
          basic_altar, lemuel_fruit_tree, infiniplex_staircase_pool
Swamp:1:  layout_basic_swamp, hangedman_swamp_lotus
Swamp:2:  cheibrodos_swamp_tower_of_moss, layout_basic_swamp,
          evilmike_swamp_ruin_rubble_2, hangedman_swamp_blocks
Swamp:3:  layout_falls_marsh, evilmike_swamp_ruin_house_2
Swamp:4:  swamp_old_school, layout_basic_swamp, swamp_pool1, uniq_donald
Spider:1: layout_cave_pods, nicolae_spider_bzzzt,
          hangedman_spider_tarantella_strand
Spider:2: layout_spider_delve, guppyfry_spider_mini_2
Spider:3: layout_cave_pods
Spider:4: spider_rune_water, portal_ice_cave_entry_ugly_swarm
Orc:1:    layout_diamond_mine
Orc:2:    st_orc_rangers, layout_diamond_mine, basic_altar
Elf:1:    minmay_elf_arrival_summoners, layout_geoelf_diagonals, serial_shops,
          nicolae_shop_trees, evilmike_minifort, st_stairs_14, minmay_shop_star,
          lemuel_upstairs_altar
Elf:2:    nicolae_elf_blades_crystal_corner, layout_geoelf_octagon,
          serial_shops, nicolae_shop_overgrown_old_shop, serial_sigils,
          serial_sigils_hangedman_shear, serial_sigils_hangedman_confine,
          serial_sigils_hangedman_quiver, serial_sigils_hangedman_shear,
          serial_sigils_hangedman_quiver, nicolae_shop_sticking_my_neck_out
Elf:3:    minmay_elf_hall_x, layout_geoelf_castle, nicolae_trove_entry_crystal,
          serial_shops, shop_statue, nicolae_concentric_dashed_squares_wild,
          minmay_misc_feat_rows, uniq_saint_roka, uniq_roxanne, uniq_bai_suzhen
Depths:1: layout_gridville, rand_demon_pan_entry_1, hell_entry, serial_shops,
          kennysheep_mini_moat, minmay_crystal_room, hex_large, st_stairs_11,
          minmay_misc_feat_enclosed, minivault_10, cheibriados_altar_2,
          infiniplex_staircase_pool_lava, firewood_loft
Depths:2: minmay_skeletal_surprise, layout_gridlike, rand_demon_pan_entry_7,
          hell_entry, hangedman_abyss_entry_splay, hangedman_decor_lopped,
          minmay_metal_thing

Skill      XL: |  1  2  3  4  5  6  7  8  9 10 11 12 13 14 15 16 17 18 19 20 |
---------------+-------------------------------------------------------------+-----
Fighting       | 4 5 6 7 8 9 10 12 13 14 15 16 17 | 17.4
Evocations     | 1 2 3 4 5 7 8 9 10 11 12 13 | 13.6
Invocations    | 2 4 6 8 9 |  9.0
Axes           | 3 4 5 7 8 10 11 12 13 14 15 16 17 18 19 | 19.8
Armour         | 3 4 6 8 9 11 12 13 14 15 17 18 19 | 19.4
Dodging        | 2 3 4 |  4.9
Shields        | 1 2 4 6 8 10 12 14 16 17 18 19 20 21 | 21.1
Stealth        | 1 5 8 10 11 | 11.3

Action                   |  1- 3 |  4- 6 |  7- 9 | 10-12 | 13-15 | 16-18 | 19-21 || total
-------------------------+-------+-------+-------+-------+-------+-------+-------++-------
Melee: Hand axe          |    59 |   151 |   355 |   673 |   733 |       |       ||  1971
       Headbutt          |     8 |    23 |    80 |   168 |   405 |   437 |   257 ||  1378
       Punch             |       |       |     4 |       |       |       |       ||     4
       Kick              |       |       |       |   252 |   655 |   281 |       ||  1188
       War axe           |       |       |       |       |   819 |   279 |       ||  1098
       Broad axe         |       |       |       |       |       |  1411 |   810 ||  2221
Invok: Depart the Abyss  |     1 |       |       |       |       |       |     3 ||     4
Evoke: Wand              |       |     7 |    14 |    19 |    10 |    17 |     3 ||    70
       Lightning rod     |       |       |       |       |     3 |       |       ||     3
  Use: Scroll            |     1 |     3 |     8 |    17 |    12 |    13 |    13 ||    67
       Potion            |       |       |     8 |     6 |     5 |    11 |     2 ||    32
 Stab: Held in net/web   |       |       |       |       |       |     1 |       ||     1
       Paralysed         |       |       |       |       |       |     1 |       ||     1
       Distracted        |       |       |       |       |       |       |     2 ||     2
Armor: Leather armour    |     1 |       |       |       |       |       |       ||     1
       Scale mail        |    15 |    60 |       |       |       |       |       ||    75
       Chain mail        |       |    57 |    62 |   162 |       |       |       ||   281
       Plate armour      |       |       |   114 |    62 |       |       |       ||   176
       Skin              |       |       |    20 |       |       |       |       ||    20
       Crystal plate arm |       |       |       |    89 |   476 |       |       ||   565
       Gold dragon scale |       |       |       |       |   126 |   921 |   324 ||  1371
       Animal skin       |       |       |       |       |       |    37 |       ||    37
Dodge: Dodged            |    33 |    78 |   113 |   165 |   161 |   284 |   102 ||   936
       Repelled          |       |       |       |     1 |     9 |     7 |    13 ||    30
Block: Other             |       |    11 |    60 |       |       |       |       ||    71
       Reflection        |       |       |    15 |    31 |   125 |    87 |    26 ||   284
       Buckler           |       |       |    80 |   240 |       |       |       ||   320
       Kite shield       |       |       |       |   140 |  1182 |  1514 |   642 ||  3478
